 Dungeon Crawl Stone Soup version 0.31-a0-167-g1c394c0614 (webtiles) character file.

Game seed: 4301574123625464357

10986 qw the Skirmisher (level 11, -3/106 HPs)
             Began as a Naga Hunter on June 14, 2023.
             Was a High Priest of Okawaru.
             Slain by a six-headed hydra (7 damage)
             ... on level 2 of the Lair of Beasts.
             The game lasted 00:03:48 (8753 turns).

qw the Skirmisher (Naga Hunter)                     Turns: 8753, Time: 00:03:49

Health: -3/106     AC: 12    Str: 14    XL:     11   Next: 70%
Magic:  15/15      EV: 18    Int:  9    God:    Okawaru [*****.]
Gold:   353        SH:  0    Dex: 19    Spells: 10/10 levels left

rFire   . . .        b - +2 longbow (freeze)
rCold   . . .        (shield currently unavailable)
rNeg    + . .        m - +1 robe "Vosif" {Fly rElec rN+}
rPois   +            i - +0 helmet
rElec   +            (no cloak)
rCorr   +            (no gloves)
SInv    +            c - +0 barding
Will    +....        (no amulet)
Stlth   ++++         g - +5 ring of evasion
HPRegen 0.37/turn    n - ring of resist corrosion
MPRegen 0.14/turn

%: no passive effects
@: short of breath, heroic, flying, very slow
A: AC +3, large, see invisible, deformed body, poison resistance, slowness 2,
spit poison 1, naga tail 1
a: Spit Poison, Renounce Religion, Heroism, Finesse, Duel


You were on level 2 of the Lair of Beasts.
You worshipped Okawaru.
Okawaru was extremely pleased with you.
You visited 3 branches of the dungeon, and saw 11 of its levels.

You collected 446 gold pieces.
You spent 93 gold pieces at shops.


Innate Abilities, Weirdness & Mutations

Your serpentine skin is tough. (AC +3)
You have supernaturally acute eyesight. (SInv)
Armour fits poorly on your strangely shaped body.
Your system is resistant to poisons. (rPois)
You cover ground very slowly.
You can spit poison.
You have a snake-like lower body.


   Skills:
 - Level 9.0(14.0) Fighting
 - Level 13.0(18.0) Ranged Weapons
 - Level 2.0(7.0) Armour
 + Level 4.6(9.6) Dodging
 - Level 1.5(6.5) Stealth
 + Level 6.4 Invocations


You had 10 spell levels left.
You didn't know any spells.
Your spell library was empty.

Inventory:

Hand Weapons
 b - a +2 longbow of freezing (weapon)
Armour
 c - a +0 barding (worn)
 f - a +2 robe of willpower
 i - a +0 helmet (worn)
 l - the +2 ring mail of Gravity {Rampage rF+ rN+ Str-5}
   (You found it on level 4 of the Dungeon)

   Str:       It affects your strength (-5).
   rF:        It protects you from fire.
   rN:        It protects you from negative energy.
   Rampage:   It bestows one free step when moving towards enemies.
 m - the +1 robe "Vosif" (worn) {Fly rElec rN+}
   (You found it on level 5 of the Dungeon)

   rElec:     It insulates you from electricity.
   rN:        It protects you from negative energy.
   Fly:       It grants you flight.
Jewellery
 g - a +5 ring of evasion (left hand)
 n - a ring of resist corrosion (right hand)
Scrolls
 e - 5 scrolls of identify
Potions
 a - a potion of curing
 d - a potion of mutation
 h - a potion of might
 k - a potion of haste
 p - a potion of magic

Dungeon Overview and Level Annotations

Branches:
Dungeon (8/15)             Temple (1/1) D:4            Lair (2/5) D:8
  Swamp: Lair:2-3    Shoals: Lair:2-3     Snake: Lair:2-3    Spider: Lair:2-3

Altars:
Ashenzari
Cheibriados
Dithmenos
Elyvilon
Fedhas
Gozag
Hepliaklqana
Kikubaaqudgha
Makhleb
Nemelex Xobeh
Okawaru
Qazlal
Ru
Sif Muna
Trog
Uskayaw
Vehumet
Wu Jian
Xom
Yredelemnul
Zin
The Shining One

Shops:
D:1 (   D:3 *   D:7 :=   D:8 [

Annotations:
D:3 1 runed translucent door, Crazy Yiuf


Message History

The six-headed hydra bites you. The six-headed hydra bites you!
The six-headed hydra barely misses you. x2; The six-headed hydra misses you.
The six-headed hydra bites you but does no damage.
The elephant tramples you but does no damage.
The elephant barely misses you.
The elephant tramples you but does no damage.
The elephant misses you.
8751 ||| INVOKING Spit Poison.
Aiming: Spit Poison (1% risk of failure)
Press: ? - help, Shift-Dir - straight line, f/p - elephant The splash of poison hits the elephant.
The elephant is poisoned.
The elephant is severely wounded.
A nearby fungus withers and dies.
The six-headed hydra bites you! The six-headed hydra bites you.
The six-headed hydra bites you but does no damage.
The six-headed hydra completely misses you.
The six-headed hydra bites you!
The six-headed hydra completely misses you.
The elephant barely misses you.
The elephant trunk-slaps you but does no damage.
The elephant tramples you but does no damage.
The elephant trunk-slaps you but does no damage.
You shoot an arrow. The arrow hits the elephant.
The arrow freezes the elephant.
The elephant is almost dead.
The six-headed hydra bites you but does no damage.
The six-headed hydra bites you.
The six-headed hydra closely misses you.
The six-headed hydra completely misses you.
The six-headed hydra bites you but does no damage. x2
You shoot an arrow. The arrow hits the elephant!
The arrow freezes the elephant.
You kill the elephant!
Okawaru is honoured by your kill.
You can now enter into single combat with a foe.
Okawaru will now gift you equipment as you gain piety.
The elephant tramples you but does no damage.
The elephant barely misses you. The six-headed hydra bites you.
The six-headed hydra bites you but does no damage.
The six-headed hydra misses you. The six-headed hydra barely misses you.
The six-headed hydra bites you!
You die...

#..............#...
#......%%...###.###
#......%....#.##
#..............#
#....###.#..##.# #
#...###...#.####.##..
#...##......##.....#.
....#.......N........
#. ##>...#@Y...#P...
......#.D...# .
.....##........P
####. #....?.~P~ #.
........~~~
........~~~~
.......~~~~~.
........~~~.


You could see a six-headed hydra, an elephant and a naga.

Vanquished Creatures
  Pikel (D:6)
  5 elephants (Lair:2)
  2 black mambas
  A torpor snail (Lair:1)
  2 cane toads (Lair:1)
  A polar bear (Lair:1)
  Prince Ribbit (D:6)
  Grinder (D:6)
  Sigmund (D:2)
  Eustachio (D:5)
  16 yaks
  A basilisk (Lair:1)
  10 water moccasins
  Duvessa (D:7)
  An orc warrior (D:6)
  2 sky beasts
  A black bear (D:8)
  5 ice beasts
  An ogre (D:5)
  A wolf (Lair:2)
  A centaur (D:4)
  A lemure (D:6)
  A kobold brigand (D:6)
  3 scorpions
  7 bullfrogs
  Dowan (D:7)
  6 howler monkeys
  3 hounds
  2 gnoll boudas
  4 orc priests
  4 sleepcaps
  Natasha (D:3)
  6 iguanas
  13 orc wizards
  Robin (D:3)
  9 gnolls
  7 adders
  A white imp (D:7)
  An ufetubus (D:6)
  2 worms
  33 orcs
  6 ball pythons
  5 bats
  5 endoplasms
  2 giant cockroaches
  11 goblins
  5 hobgoblins
  9 kobolds
  6 quokkas
  3 frilled lizards
  5 rats
219 creatures vanquished.

Notes
Turn   | Place    | Note
-------+----------+-------------------------------------------
     0 | D:1      | qw the Naga Hunter began the quest for the Orb.
     0 | D:1      | Reached XP level 1. HP: 19/19 MP: 1/1
     0 | D:1      | 0 ||| qw: Version: 0.2-a-29-g1fa15c8
     0 | D:1      | 0 ||| qw: Game counter: 4865
     0 | D:1      | 0 ||| qw: Always use a shield: true
     0 | D:1      | 0 ||| qw: God list: Okawaru
     0 | D:1      | 0 ||| qw: Allow faded altars: false
     0 | D:1      | 0 ||| qw: Do Orc after D:15 true
     0 | D:1      | 0 ||| qw: Do second Lair branch before Depths: true
     0 | D:1      | 0 ||| qw: Lair rune preference: random
     0 | D:1      | 0 ||| qw: Plans: Normal
     0 | D:1      | 0 ||| PLANNING D:1-11
     7 | D:1      | 7 ||| INVOKING Spit Poison.
    11 | D:1      | Noticed an iguana
    11 | D:1      | Noticed a tyrant leech
    11 | D:1      | Noticed a ragged hierophant
    12 | D:1      | Noticed a frost giant
    56 | D:1      | 56 ||| INVOKING Spit Poison.
   154 | D:1      | Found Ropiwk's Weapon Shop.
   200 | D:1      | 200 ||| INVOKING Spit Poison.
   240 | D:1      | 240 ||| INVOKING Spit Poison.
   247 | D:1      | 247 ||| INVOKING Spit Poison.
   249 | D:1      | Reached skill level 4 in Ranged Weapons
   249 | D:1      | Reached XP level 2. HP: 26/26 MP: 2/2
   376 | D:1      | 376 ||| INVOKING Spit Poison.
   382 | D:1      | 382 ||| INVOKING Spit Poison.
   627 | D:1      | 627 ||| UPGRADING to +0 helmet.
   632 | D:1      | 632 ||| DROPPING ring of magical power.
   633 | D:1      | 633 ||| READING scroll labelled ESKEUS IROAKK.
   634 | D:1      | 634 ||| READING 3 scrolls labelled ZETE LOREWAMA.
   635 | D:1      | 635 ||| READING scroll labelled OFICWO VYINGAZ.
   636 | D:1      | 636 ||| READING scroll labelled QUHEADD AHYNYA.
   637 | D:1      | 637 ||| READING 2 scrolls of identify.
   637 | D:1      | 637 ||| IDENTIFYING murky brown potion
   638 | D:1      | 638 ||| DROPPING scroll of butterflies.
   717 | D:2      | 717 ||| INVOKING Spit Poison.
   731 | D:2      | 731 ||| INVOKING Spit Poison.
   773 | D:2      | 773 ||| INVOKING Spit Poison.
   781 | D:2      | 781 ||| INVOKING Spit Poison.
   785 | D:2      | 785 ||| INVOKING Spit Poison.
   899 | D:2      | 899 ||| INVOKING Spit Poison.
   951 | D:2      | 951 ||| INVOKING Spit Poison.
   952 | D:2      | Reached XP level 3. HP: 32/32 MP: 3/3
  1006 | D:2      | 1006 ||| INVOKING Spit Poison.
  1139 | D:2      | 1139 ||| INVOKING Spit Poison.
  1176 | D:2      | 1176 ||| INVOKING Spit Poison.
  1182 | D:2      | 1182 ||| INVOKING Spit Poison.
  1215 | D:2      | Noticed Sigmund
  1216 | D:2      | 1216 ||| INVOKING Spit Poison.
  1221 | D:2      | 1221 ||| INVOKING Spit Poison.
  1224 | D:2      | 1224 ||| INVOKING Spit Poison.
  1224 | D:2      | Killed Sigmund
  1225 | D:2      | Reached skill level 6 in Ranged Weapons
  1225 | D:2      | Reached XP level 4. HP: 26/39 MP: 4/4
  1225 | D:2      | Reached XP level 5. HP: 30/45 MP: 5/5
  1361 | D:3      | 1361 ||| INVOKING Spit Poison.
  1364 | D:3      | 1364 ||| INVOKING Spit Poison.
  1449 | D:3      | Found a runed translucent door.
  1450 | D:3      | Noticed Crazy Yiuf
  1542 | D:3      | 1542 ||| INVOKING Spit Poison.
  1543 | D:3      | 1543 ||| INVOKING Spit Poison.
  1556 | D:3      | 1556 ||| INVOKING Spit Poison.
  1562 | D:3      | 1562 ||| INVOKING Spit Poison.
  1581 | D:3      | 1581 ||| INVOKING Spit Poison.
  1596 | D:3      | 1596 ||| INVOKING Spit Poison.
  1598 | D:3      | Noticed Robin
  1599 | D:3      | 1599 ||| INVOKING Spit Poison.
  1602 | D:3      | 1602 ||| INVOKING Spit Poison.
  1603 | D:3      | Reached XP level 6. HP: 54/55 MP: 6/6
  1605 | D:3      | Killed Robin
  1641 | D:3      | 1641 ||| INVOKING Spit Poison.
  1648 | D:3      | 1648 ||| INVOKING Spit Poison.
  1654 | D:3      | 1654 ||| INVOKING Spit Poison.
  1668 | D:3      | 1668 ||| INVOKING Spit Poison.
  1683 | D:3      | 1683 ||| INVOKING Spit Poison.
  1685 | D:3      | Reached skill level 3 in Fighting
  1693 | D:3      | Found Vyam's Assorted Antiques.
  1695 | D:3      | 1695 ||| INVOKING Spit Poison.
  1701 | D:3      | 1701 ||| SHOPLISTING knobbly iron ring (155 gold, have
                  | 113).
  1701 | D:3      | 1701 ||| SHOPLISTING potion of might (124 gold, have 113).
  1701 | D:3      | 1701 ||| BUYING scroll labelled NIASYZ BU FI REUPN (31
                  | gold).
  1701 | D:3      | Bought a scroll labelled NIASYZ BU FI REUPN for 31 gold
                  | pieces
  1701 | D:3      | 1701 ||| BUYING scroll labelled SUYSYOTISATZ (31 gold).
  1701 | D:3      | Bought a scroll labelled SUYSYOTISATZ for 31 gold pieces
  1701 | D:3      | 1701 ||| BUYING scroll labelled TEERU ZOESIHIM (31 gold).
  1701 | D:3      | Bought a scroll labelled TEERU ZOESIHIM for 31 gold pieces
  1701 | D:3      | 1701 ||| SHOPLISTING scroll of identify (62 gold, have 20).
  1801 | D:3      | Noticed Natasha
  1803 | D:3      | 1803 ||| INVOKING Spit Poison.
  1804 | D:3      | Killed Natasha
  1813 | D:3      | 1813 ||| INVOKING Spit Poison.
  1825 | D:3      | 1825 ||| INVOKING Spit Poison.
  2067 | D:3      | 2067 ||| UPGRADING to +5 ring of evasion.
  2068 | D:3      | 2068 ||| UPGRADING to ring of resist corrosion.
  2069 | D:3      | 2069 ||| READING scroll labelled NIASYZ BU FI REUPN.
  2070 | D:3      | 2070 ||| READING scroll labelled SUYSYOTISATZ.
  2071 | D:3      | 2071 ||| READING scroll labelled TEERU ZOESIHIM.
  2172 | D:3      | 2172 ||| DRINKING 2 red potions.
  2173 | D:3      | 2173 ||| READING 2 scrolls of identify.
  2173 | D:3      | 2173 ||| IDENTIFYING bubbling purple potion
  2211 | D:4      | 2211 ||| INVOKING Spit Poison.
  2226 | D:4      | 2226 ||| INVOKING Spit Poison.
  2230 | D:4      | 2230 ||| INVOKING Spit Poison.
  2239 | D:4      | 2239 ||| INVOKING Spit Poison.
  2301 | D:4      | Found a staircase to the Ecumenical Temple.
  2302 | D:4      | 2302 ||| PLANNING TEMPLE
  2302 | D:4      | 2302 ||| READING scroll labelled EZXYTHR QOWIA.
  2303 | D:4      | 2303 ||| READING scroll labelled FOQYFY JAULE.
  2326 | Temple   | Entered the Ecumenical Temple
  2395 | Temple   | 2395 ||| PLANNING OKAWARU WORSHIP
  2465 | Temple   | Became a worshipper of Warmaster Okawaru
  2466 | Temple   | 2466 ||| PLANNING D:1-11
  2490 | D:4      | 2490 ||| INVOKING Spit Poison.
  2496 | D:4      | 2496 ||| INVOKING Spit Poison.
  2501 | D:4      | 2501 ||| INVOKING Spit Poison.
  2519 | D:4      | 2519 ||| INVOKING Spit Poison.
  2564 | D:4      | 2564 ||| INVOKING Spit Poison.
  2614 | D:4      | 2614 ||| INVOKING Spit Poison.
  2615 | D:4      | 2615 ||| Stepping ~*~*~tactically~*~*~ (outnumbered).
  2620 | D:4      | 2620 ||| INVOKING Spit Poison.
  2623 | D:4      | 2623 ||| INVOKING Spit Poison.
  2682 | D:4      | Found a hazy altar of Hepliaklqana.
  2682 | D:4      | Found an opulent altar of Gozag.
  2711 | D:4      | 2711 ||| INVOKING Spit Poison.
  2717 | D:4      | 2717 ||| INVOKING Spit Poison.
  2721 | D:4      | Reached XP level 7. HP: 54/64 MP: 7/7
  2880 | D:4      | 2880 ||| INVOKING Spit Poison.
  2880 | D:4      | Reached * piety under Okawaru
  2881 | D:4      | Reached skill level 7 in Ranged Weapons
  2950 | D:4      | Identified the +2 ring mail of Gravity {Rampage rF+ rN+
                  | Str-5}
  2951 | D:4      | 2951 ||| INVOKING Spit Poison.
  3143 | D:4      | 3143 ||| UPGRADING to +2 ring mail of Gravity {Rampage rF+
                  | rN+ Str-5}.
  3153 | D:4      | 3153 ||| DROPPING +0 leather armour.
  3154 | D:4      | 3154 ||| READING scroll labelled WIYFEF UZEIPS.
  3201 | D:5      | Entered Level 5 of the Dungeon
  3206 | D:5      | 3206 ||| INVOKING Spit Poison.
  3211 | D:5      | 3211 ||| STAIRDANCE
  3216 | D:4      | Reached skill level 1 in Armour
  3261 | D:5      | 3261 ||| INVOKING Spit Poison.
  3264 | D:5      | Reached skill level 1 in Invocations
  3328 | D:5      | 3328 ||| INVOKING Spit Poison.
  3334 | D:5      | 3334 ||| INVOKING Spit Poison.
  3367 | D:5      | Identified the +1 robe "Vosif" {Fly rElec rN+}
  3403 | D:5      | 3403 ||| INVOKING Spit Poison.
  3430 | D:5      | 3430 ||| INVOKING Spit Poison.
  3433 | D:5      | Reached XP level 8. HP: 72/72 MP: 9/9
  3450 | D:5      | Noticed Eustachio
  3451 | D:5      | 3451 ||| INVOKING Heroism.
  3454 | D:5      | 3454 ||| INVOKING Spit Poison.
  3461 | D:5      | 3461 ||| INVOKING Spit Poison.
  3465 | D:5      | 3465 ||| INVOKING Heroism.
  3466 | D:5      | Killed Eustachio
  3467 | D:5      | Reached skill level 3 in Invocations
  3601 | D:5      | 3601 ||| INVOKING Heroism.
  3602 | D:5      | 3602 ||| INVOKING Spit Poison.
  3609 | D:5      | 3609 ||| INVOKING Spit Poison.
  3674 | D:5      | 3674 ||| INVOKING Spit Poison.
  3680 | D:5      | 3680 ||| INVOKING Spit Poison.
  3685 | D:5      | 3685 ||| INVOKING Spit Poison.
  3687 | D:5      | Reached skill level 8 in Ranged Weapons
  3719 | D:5      | Identified the +10 mace of Linearity {drain, Str+2}
  3808 | D:5      | 3808 ||| UPGRADING to +0 barding.
  3813 | D:5      | 3813 ||| UPGRADING to +1 robe "Vosif" {Fly rElec rN+}.
  3823 | D:5      | 3823 ||| DRINKING 2 fuming golden potions.
  3842 | D:5      | 3842 ||| DROPPING potion of lignification.
  3904 | D:6      | Noticed Pikel
  3905 | D:6      | 3905 ||| INVOKING Heroism.
  3906 | D:6      | 3906 ||| INVOKING Spit Poison.
  3913 | D:6      | 3913 ||| INVOKING Spit Poison.
  3914 | D:6      | Killed Pikel
  3914 | D:6      | Reached ** piety under Okawaru
  3915 | D:6      | Reached skill level 6 in Fighting
  3915 | D:6      | Reached XP level 9. HP: 77/84 MP: 10/12
  3948 | D:6      | 3948 ||| INVOKING Spit Poison.
  3951 | D:6      | 3951 ||| INVOKING Spit Poison.
  3956 | D:6      | 3956 ||| INVOKING Spit Poison.
  3961 | D:6      | 3961 ||| INVOKING Spit Poison.
  3964 | D:6      | 3964 ||| INVOKING Spit Poison.
  3991 | D:6      | 3991 ||| INVOKING Spit Poison.
  3996 | D:6      | 3996 ||| INVOKING Spit Poison.
  3998 | D:6      | 3998 ||| INVOKING Heroism.
  4001 | D:6      | Reached skill level 3 in Dodging
  4003 | D:6      | 4003 ||| INVOKING Spit Poison.
  4036 | D:6      | 4036 ||| INVOKING Heroism.
  4037 | D:6      | 4037 ||| INVOKING Spit Poison.
  4093 | D:6      | 4093 ||| INVOKING Spit Poison.
  4130 | D:6      | 4130 ||| INVOKING Heroism.
  4143 | D:6      | 4143 ||| INVOKING Spit Poison.
  4158 | D:6      | Noticed Grinder
  4161 | D:6      | Paralysed by Grinder for 4 turns
  4166 | D:6      | 4166 ||| INVOKING Heroism.
  4167 | D:6      | 4167 ||| INVOKING Spit Poison.
  4171 | D:6      | Reached skill level 9 in Ranged Weapons
  4174 | D:6      | 4174 ||| INVOKING Spit Poison.
  4176 | D:6      | Killed Grinder
  4202 | D:6      | 4202 ||| INVOKING Spit Poison.
  4207 | D:6      | 4207 ||| INVOKING Heroism.
  4207 | D:6      | Noticed Prince Ribbit
  4208 | D:6      | 4208 ||| INVOKING Spit Poison.
  4217 | D:6      | 4217 ||| INVOKING Spit Poison.
  4224 | D:6      | 4224 ||| INVOKING Spit Poison.
  4230 | D:6      | 4230 ||| INVOKING Spit Poison.
  4232 | D:6      | 4232 ||| INVOKING Heroism.
  4233 | D:6      | Killed Prince Ribbit
  4234 | D:6      | Reached skill level 10 in Ranged Weapons
  4234 | D:6      | 4234 ||| INVOKING Spit Poison.
  4266 | D:6      | 4266 ||| INVOKING Heroism.
  4275 | D:6      | 4275 ||| INVOKING Spit Poison.
  4283 | D:6      | 4283 ||| INVOKING Heroism.
  4430 | D:6      | 4430 ||| INVOKING Spit Poison.
  4441 | D:6      | 4441 ||| READING scroll of brand weapon.
  4441 | D:6      | 4441 ||| BRANDING +0 shortbow of electrocution.
  4446 | D:6      | 4446 ||| INVOKING Spit Poison.
  4452 | D:6      | 4452 ||| INVOKING Spit Poison.
  4457 | D:6      | 4457 ||| INVOKING Spit Poison.
  4672 | D:6      | 4672 ||| INVOKING Spit Poison.
  4678 | D:6      | 4678 ||| INVOKING Spit Poison.
  4712 | D:6      | 4712 ||| READING scroll labelled SUTWASILEC.
  4713 | D:6      | 4713 ||| READING scroll labelled PABUTW SENT.
  4727 | D:7      | 4727 ||| INVOKING Spit Poison.
  4735 | D:7      | 4735 ||| INVOKING Spit Poison.
  4739 | D:7      | 4739 ||| INVOKING Spit Poison.
  4765 | D:7      | Found a broken altar of Ashenzari.
  4797 | D:7      | 4797 ||| INVOKING Spit Poison.
  4801 | D:7      | 4801 ||| INVOKING Spit Poison.
  4806 | D:7      | 4806 ||| DRINKING potion of curing.
  4806 | D:7      | 4806 ||| (to cure confusion)
  4807 | D:7      | 4807 ||| INVOKING Spit Poison.
  4808 | D:7      | Reached XP level 10. HP: 91/94 MP: 13/13
  4812 | D:7      | 4812 ||| INVOKING Spit Poison.
  4817 | D:7      | 4817 ||| INVOKING Spit Poison.
  4826 | D:7      | 4826 ||| INVOKING Spit Poison.
  4834 | D:7      | 4834 ||| INVOKING Spit Poison.
  4841 | D:7      | 4841 ||| INVOKING Spit Poison.
  4848 | D:7      | 4848 ||| INVOKING Spit Poison.
  4909 | D:7      | Found a radiant altar of Vehumet.
  4910 | D:7      | 4910 ||| INVOKING Spit Poison.
  4935 | D:7      | Found an ancient bone altar of Kikubaaqudgha.
  4936 | D:7      | 4936 ||| INVOKING Spit Poison.
  4944 | D:7      | 4944 ||| INVOKING Spit Poison.
  4958 | D:7      | Found a shimmering blue altar of Sif Muna.
  4959 | D:7      | 4959 ||| INVOKING Spit Poison.
  4963 | D:7      | 4963 ||| INVOKING Spit Poison.
  5111 | D:7      | Found Fout's Book Boutique.
  5111 | D:7      | Noticed Duvessa
  5112 | D:7      | 5112 ||| INVOKING Heroism.
  5113 | D:7      | 5113 ||| INVOKING Spit Poison.
  5120 | D:7      | 5120 ||| INVOKING Spit Poison.
  5124 | D:7      | 5124 ||| DRINKING potion of cancellation.
  5125 | D:7      | 5125 ||| INVOKING Spit Poison.
  5128 | D:7      | Killed Duvessa
  5128 | D:7      | Noticed Dowan
  5135 | D:7      | 5135 ||| INVOKING Spit Poison.
  5141 | D:7      | Killed Dowan
  5142 | D:7      | Reached skill level 11 in Ranged Weapons
  5184 | D:7      | 5184 ||| INVOKING Spit Poison.
  5188 | D:7      | 5188 ||| INVOKING Heroism.
  5190 | D:7      | 5190 ||| INVOKING Spit Poison.
  5199 | D:7      | 5199 ||| INVOKING Spit Poison.
  5208 | D:7      | 5208 ||| INVOKING Spit Poison.
  5212 | D:7      | 5212 ||| INVOKING Spit Poison.
  5312 | D:7      | 5312 ||| INVOKING Spit Poison.
  5319 | D:7      | 5319 ||| INVOKING Spit Poison.
  5383 | D:7      | Found Ecyuti's Jewellery Boutique.
  5384 | D:7      | 5384 ||| INVOKING Spit Poison.
  5410 | D:7      | 5410 ||| SHOPLISTING +4 ring of protection (504 gold, have
                  | 190).
  5410 | D:7      | 5410 ||| SHOPLISTING +5 ring of evasion (504 gold, have
                  | 190).
  5410 | D:7      | 5410 ||| SHOPLISTING amulet of reflection (420 gold, have
                  | 190).
  5552 | D:7      | 5552 ||| READING scroll labelled YDILLAOMIBB.
  5553 | D:7      | 5553 ||| DRINKING 2 fuming clear potions.
  5658 | D:7      | 5658 ||| READING 4 scrolls of identify.
  5658 | D:7      | 5658 ||| IDENTIFYING bubbling pink potion
  5659 | D:7      | 5659 ||| READING 3 scrolls of identify.
  5659 | D:7      | 5659 ||| IDENTIFYING bubbling red potion
  5660 | D:7      | 5660 ||| READING 2 scrolls of identify.
  5660 | D:7      | 5660 ||| IDENTIFYING fizzy black potion
  5661 | D:7      | 5661 ||| DROPPING potion of brilliance.
  5662 | D:7      | 5662 ||| DROPPING potion of berserk rage.
  5820 | D:8      | 5820 ||| INVOKING Spit Poison.
  5892 | D:8      | 5892 ||| INVOKING Spit Poison.
  6033 | D:8      | 6033 ||| INVOKING Spit Poison.
  6039 | D:8      | 6039 ||| INVOKING Spit Poison.
  6046 | D:8      | 6046 ||| INVOKING Spit Poison.
  6048 | D:8      | 6048 ||| INVOKING Heroism.
  6054 | D:8      | 6054 ||| INVOKING Spit Poison.
  6054 | D:8      | Reached *** piety under Okawaru
  6057 | D:8      | HP: 21/96 [yak (12)]
  6058 | D:8      | 6058 ||| READING 2 scrolls of teleportation.
  6058 | D:8      | HP: 6/96 [yak (12)]
  6059 | D:8      | 6059 ||| INVOKING Spit Poison.
  6337 | D:8      | 6337 ||| INVOKING Spit Poison.
  6345 | D:8      | 6345 ||| INVOKING Spit Poison.
  6351 | D:8      | 6351 ||| INVOKING Heroism.
  6352 | D:8      | 6352 ||| INVOKING Spit Poison.
  6356 | D:8      | 6356 ||| INVOKING Spit Poison.
  6582 | D:8      | Found a staircase to the Lair.
  6673 | D:8      | Found Ysserug's Armour Shop.
  6710 | D:8      | 6710 ||| PLANNING LAIR
  6710 | D:8      | 6710 ||| READING 2 scrolls labelled CAOJEL OGUWAKK.
  6711 | D:8      | 6711 ||| READING 3 scrolls of identify.
  6711 | D:8      | 6711 ||| IDENTIFYING cyan potion
  6712 | D:8      | 6712 ||| READING 2 scrolls of identify.
  6712 | D:8      | 6712 ||| IDENTIFYING fizzy purple potion
  6713 | D:8      | 6713 ||| DROPPING potion of enlightenment.
  6714 | D:8      | 6714 ||| DROPPING scroll of summoning.
  6762 | Lair:1   | Entered Level 1 of the Lair of Beasts
  6839 | Lair:1   | 6839 ||| INVOKING Heroism.
  6855 | Lair:1   | Noticed a black mamba
  6870 | Lair:1   | Killed a black mamba
  6910 | Lair:1   | 6910 ||| INVOKING Spit Poison.
  6915 | Lair:1   | Noticed a torpor snail
  6916 | Lair:1   | 6916 ||| INVOKING Heroism.
  6919 | Lair:1   | 6919 ||| INVOKING Spit Poison.
  6926 | Lair:1   | 6926 ||| INVOKING Spit Poison.
  6927 | Lair:1   | Killed a torpor snail
  6933 | Lair:1   | 6933 ||| INVOKING Spit Poison.
  6943 | Lair:1   | 6943 ||| INVOKING Heroism.
  6944 | Lair:1   | 6944 ||| INVOKING Spit Poison.
  6945 | Lair:1   | HP: 24/96 [basilisk (8)]
  6946 | Lair:1   | 6946 ||| READING scroll of teleportation.
  6946 | Lair:1   | HP: 6/96 [yak[a torpor snail] (11)]
  6947 | Lair:1   | HP: 1/96 [yak[a torpor snail] (6)]
  6949 | Lair:1   | 6949 ||| INVOKING Spit Poison.
  7227 | Lair:1   | Reached skill level 12 in Ranged Weapons
  7238 | Lair:1   | 7238 ||| INVOKING Spit Poison.
  7246 | Lair:1   | 7246 ||| INVOKING Spit Poison.
  7252 | Lair:1   | Reached XP level 11. HP: 103/103 MP: 14/14
  7261 | Lair:1   | 7261 ||| INVOKING Spit Poison.
  7321 | Lair:1   | 7321 ||| INVOKING Spit Poison.
  7337 | Lair:1   | 7337 ||| INVOKING Spit Poison.
  7341 | Lair:1   | 7341 ||| INVOKING Spit Poison.
  7346 | Lair:1   | 7346 ||| INVOKING Spit Poison.
  7436 | Lair:1   | 7436 ||| INVOKING Heroism.
  7538 | Lair:1   | 7538 ||| READING scroll of enchant weapon.
  7538 | Lair:1   | 7538 ||| ENCHANTING +1 shortbow of flaming.
  7578 | Lair:1   | 7578 ||| INVOKING Heroism.
  7775 | Lair:1   | 7775 ||| INVOKING Spit Poison.
  7893 | Lair:1   | 7893 ||| INVOKING Heroism.
  7894 | Lair:1   | 7894 ||| INVOKING Spit Poison.
  7903 | Lair:1   | 7903 ||| INVOKING Spit Poison.
  7906 | Lair:1   | HP: 22/103 [polar bear (23)]
  7909 | Lair:1   | 7909 ||| INVOKING Spit Poison.
  8222 | Lair:1   | 8222 ||| READING scroll labelled TUDGHID FEEPUL.
  8222 | Lair:1   | Identified a scroll of acquirement
  8222 | Lair:1   | 8222 ||| ACQUIRING +2 longbow of flaming
  8222 | Lair:1   | Acquired a +2 longbow of flaming
  8224 | Lair:1   | 8224 ||| UPGRADING to +2 longbow of flaming.
  8225 | Lair:1   | 8225 ||| DROPPING +2 shortbow of flaming.
  8290 | Lair:2   | 8290 ||| READING scroll of brand weapon.
  8290 | Lair:2   | 8290 ||| BRANDING +2 longbow of flaming.
  8306 | Lair:2   | Reached skill level 13 in Ranged Weapons
  8326 | Lair:2   | 8326 ||| INVOKING Spit Poison.
  8330 | Lair:2   | 8330 ||| INVOKING Spit Poison.
  8330 | Lair:2   | Reached **** piety under Okawaru
  8335 | Lair:2   | 8335 ||| INVOKING Spit Poison.
  8341 | Lair:2   | 8341 ||| INVOKING Spit Poison.
  8346 | Lair:2   | 8346 ||| INVOKING Spit Poison.
  8349 | Lair:2   | 8349 ||| INVOKING Heroism.
  8352 | Lair:2   | 8352 ||| INVOKING Spit Poison.
  8358 | Lair:2   | 8358 ||| INVOKING Spit Poison.
  8524 | Lair:2   | 8524 ||| INVOKING Spit Poison.
  8527 | Lair:2   | 8527 ||| INVOKING Spit Poison.
  8579 | Lair:2   | 8579 ||| INVOKING Spit Poison.
  8582 | Lair:2   | 8582 ||| INVOKING Spit Poison.
  8587 | Lair:2   | 8587 ||| INVOKING Spit Poison.
  8591 | Lair:2   | Reached skill level 9 in Fighting
  8594 | Lair:2   | 8594 ||| INVOKING Spit Poison.
  8598 | Lair:2   | 8598 ||| INVOKING Spit Poison.
  8599 | Lair:2   | 8599 ||| INVOKING Heroism.
  8633 | Lair:2   | 8633 ||| INVOKING Heroism.
  8635 | Lair:2   | Reached skill level 6 in Invocations
  8732 | Lair:2   | 8732 ||| INVOKING Spit Poison.
  8733 | Lair:2   | Noticed a six-headed hydra
  8734 | Lair:2   | 8734 ||| INVOKING Heroism.
  8740 | Lair:2   | 8740 ||| INVOKING Spit Poison.
  8746 | Lair:2   | 8746 ||| INVOKING Spit Poison.
  8751 | Lair:2   | 8751 ||| INVOKING Spit Poison.
  8751 | Lair:2   | HP: 23/106 [six-headed hydra (4)]
  8751 | Lair:2   | HP: 11/106 [six-headed hydra (12)]
  8752 | Lair:2   | HP: 5/106 [six-headed hydra (6)]
  8753 | Lair:2   | Reached ***** piety under Okawaru
  8753 | Lair:2   | Slain by a six-headed hydra

Levels and vault maps discovered:
D:1:      onia_arrival_zoo_common, layout_loops_ring, serial_shops,
          nicolae_shop_stone
D:2:      layout_loops_cross, uniq_sigmund
D:3:      layout_basic, serial_shops, nicolae_diamond_shop, uniq_robin,
          uniq_natasha, uniq_crazy_yiuf_cottage
D:4:      layout_rooms, gammafunk_temple_overflow_elements,
          minmay_temple_entry_trees, roderic_lattice_a, hex_medium
D:5:      layout_cave_pools, minivault_25, uniq_eustachio
D:6:      layout_basic, minmay_starry_boxes, uniq_grinder, uniq_prince_ribbit1,
          uniq_pikel
D:7:      layout_basic, palyth_temple_overflow_mages, general_overflow_altar,
          dk_vineyard_3, minmay_shop_enchanted_jewellery, kennysheep_path_1,
          nicolae_stop_n_shop_2, minmay_misc_feat_tiny, grunt_ministairs_15,
          hangedman_decor_opposing, uniq_duvessa
D:8:      layout_loops_ring, lair_entry_dummy, serial_shops,
          nicolae_shop_tiny_statue_garden, dreamdust_mushroom_princess
Temple:   nicolae_temple_elliptical
Lair:1:   layout_regular_city, grunt_megastairs_5, lemuel_fruit_fields
Lair:2:   regret_index_bee_streams, layout_regular_city, swamp_mist_pool,
          guppyfry_snake_entry_island, beast_lair_carwin_10, lemuel_fruit_tree,
          uniq_erica, uniq_nergalle

Skill      XL: |  1  2  3  4  5  6  7  8  9 10 11 |
---------------+----------------------------------+-----
Ranged Weapons | 4 6 7 8 10 12 13 | 13.0
Fighting       | 4 6 7 8 9 |  9.0
Dodging        | 2 3 4 |  4.6
Armour         | 1 2 |  2.0
Invocations    | 2 4 6 |  6.4
Stealth        | |  1.5

Action                     |  1- 3 |  4- 6 |  7- 9 | 10-12 || total
---------------------------+-------+-------+-------+-------++-------
   Fire: Shortbow          |    48 |    87 |   250 |   294 ||   679
         Longbow           |       |       |       |    84 ||    84
 Invoke: Heroism           |       |       |    12 |    14 ||    26
Ability: Spit Poison       |    21 |    32 |    49 |    69 ||   171
    Use: Scroll            |     5 |     6 |     4 |    12 ||    27
         Potion            |       |     1 |     2 |     2 ||     5
 Armour: Leather armour    |     5 |    11 |       |       ||    16
         Ring mail         |       |       |     8 |       ||     8
         Robe              |       |       |    30 |   106 ||   136
  Dodge: Dodged            |    10 |    17 |    82 |   222 ||   331

Table legend:
 A = Non-vault XP
 B = Vault XP
 C = Vault XP percentage of total XP
 D = Non-vault monster count
 E = Vault monster count
 F = Vault count percentage of total count
                 A         B        C        D         E       F
            +---------+---------+-------+---------+---------+-------
      Total |   11918 |    4249 |  26.3 |     181 |      37 |  17.0
            +---------+---------+-------+---------+---------+-------
        D:1 |      15 |       0 |   0.0 |       8 |       0 |   0.0
        D:2 |      25 |     231 |  90.2 |      18 |       1 |   5.3
        D:3 |      72 |      63 |  46.7 |      21 |       8 |  27.6
        D:4 |     587 |       0 |   0.0 |      31 |       0 |   0.0
        D:5 |     538 |     214 |  28.5 |      10 |       1 |   9.1
        D:6 |    1253 |    1469 |  54.0 |      32 |       8 |  20.0
        D:7 |     828 |     511 |  38.2 |      27 |       9 |  25.0
        D:8 |    1615 |       0 |   0.0 |      10 |       0 |   0.0
     Lair:1 |    2760 |     853 |  23.6 |      11 |       4 |  26.7
     Lair:2 |    4225 |     908 |  17.7 |      13 |       6 |  31.6
            +---------+---------+-------+---------+---------+-------
